 Dungeon Crawl Stone Soup version 0.29.1-12-g30fa7ad0bf (webtiles) character file.

Game seed: 1184526718678415550

8633 unlimited1921 the Thaumaturge (level 11, -23/60 HPs)
             Began as a Djinni Fire Elementalist on Jan 11, 2023.
             Was a Believer of Dithmenos.
             Annihilated by a white ugly thing (45 damage)
             ... on level 10 of the Dungeon on Jan 12, 2023.
             The game lasted 01:14:17 (9056 turns).

unlimited1921 the Thaumaturge (DjFE)                Turns: 9056, Time: 01:14:17

Health: -23/60     AC: 10    Str:  6    XL:     11   Next: 59%
Gold:   549        EV: 11    Int: 24    God:    Dithmenos [**....] SH:  9 Dex: 14

rFire   + + .      SeeInvis .   l - +2 mace (protect)
rCold   x . .      Faith    .   S - +0 kite shield
rNeg    . . .      Spirit   .   H - +0 steam dragon scales
rPois   ∞          Reflect  .   B - +0 helmet
rElec   .          Harm     .   (no cloak)
rCorr   .          Rampage  .   (no gloves)
Will    +....      Clarity  +   (boots unavailable)
Stlth   +++.......              Y - amulet of regeneration
HPRegen 1.00/turn               w - +4 ring of protection
MPRegen 0.00/turn               (no ring)

@: flying, wreathed by umbra
A: sickness immunity, fire resistance 2, cold vulnerability 1, float, innate
caster, HP casting, extra vitality 1, clarity, clever 1, frail 1
a: Renounce Religion, Shadow Step


You were on level 10 of the Dungeon.
You worshipped Dithmenos.
Dithmenos was pleased with you.
You visited 1 branch of the dungeon, and saw 10 of its levels.
You also visited: Bailey.

You collected 549 gold pieces.

Inventory:

Hand Weapons
 a - a +1 dire flail of freezing
 e - a +3 short sword
 l - a +2 mace of protection (weapon)
 u - a +2 dagger of venom
 x - a +1 long sword of holy wrath
 A - a +2 dagger of holy wrath
 C - a +1 glaive
 J - a +4 spear of freezing
 K - a +5 war axe of freezing
 L - a +5 trident of freezing
 Q - a +2 short sword of venom
 T - a +2 vorpal hand axe
Missiles
 m - 27 poisoned darts
 y - 11 boomerangs
Armour
 f - a +0 buckler
 B - a +0 helmet (worn)
 H - +0 steam dragon scales (worn)
 R - a +1 robe of positive energy
 S - a +0 kite shield (worn)
 U - a +0 scale mail
Jewellery
 h - an amulet of regeneration
 k - an amulet of the acrobat
 r - an amulet of reflection
 w - a +4 ring of protection (left hand)
 Y - an amulet of regeneration (around neck)
Wands
 p - a wand of quicksilver (2)
 v - a wand of polymorph (8)
 z - a wand of charming (32)
 N - a wand of iceblast (10)
Scrolls
 b - 5 scrolls of butterflies
 c - 2 scrolls of silence
 d - 6 scrolls of teleportation
 i - a scroll of summoning {unknown}
 q - a scroll of fear
 D - a scroll of enchant weapon {unknown}
 F - 2 scrolls of poison
 G - 2 scrolls of amnesia {unknown}
 P - 2 scrolls of magic mapping
 V - a scroll of brand weapon {unknown}
Potions
 g - 4 potions of brilliance
 j - 2 potions of attraction {unknown}
 n - 4 potions of mutation
 o - a potion of lignification {unknown}
 s - 2 potions of resistance
 t - 3 potions of curing
 E - 2 potions of degeneration {unknown}
 I - 2 potions of haste {unknown}
 M - a potion of berserk rage {unknown}
 W - a potion of might {unknown}
 X - a potion of magic {unknown}
Miscellaneous
 O - a piece from Xom's chessboard (15/15)


   Skills:
 + Level 1.1 Fighting
 + Level 0.3 Maces & Flails
 + Level 4.1 Dodging
 + Level 3.7 Stealth
 * Level 3.6 Shields
 * Level 12.6 Spellcasting


You had 9 spell levels left.
You knew the following spells:

 Your Spells              Type           Power      Damage    Failure   Level
a - Foxfire               Conj/Fire      100%       2x1d9     1%          1
b - Scorch                Fire           100%       2d10      1%          2
c - Conjure Flame         Conj/Fire      66%        6-21      1%          3
d - Inner Flame           Hex/Fire       66%        N/A       1%          3
e - Flame Wave            Conj/Fire      66%        2d15      1%          4
f - Slow                  Hex            100%       N/A       1%          1
g - Ensorcelled Hibernat  Hex/Ice        100%       N/A       1%          2
h - Ozocubu's Armour      Ice            66%        N/A       1%          3
i - Frozen Ramparts       Ice            100%       1d16      1%          3
j - Fulminant Prism       Conj/Hex       33%        3d16      1%          4
Your spell library was empty.

Dungeon Overview and Level Annotations

Branches:
Dungeon (10/15)            Temple (0/1) D:5          Bailey (visited)
   Lair: D:8-11         Orc: D:9-12

Altars:
Ashenzari
Dithmenos

Annotations:
D:5 2 transporters, Powssss's ghost, amateur MiFi


Innate Abilities, Weirdness & Mutations

You are immune to sickness and miasma.
You are immune to poison.
Your flesh is very heat resistant. (rF++)
You are vulnerable to cold. (rC-)
You float through the air rather than walking.
You learn spells naturally, not from books.
Your magical power is your life essence.
You have superior vitality. (+4 MHP)
You possess an exceptional clarity of mind.
Your mind is acute. (Int +4, Str/Dex -1)
You are frail. (-10% HP)


Message History

You conjure some foxfire!
The foxfire hits the hell rat!
The hell rat is heavily wounded.
Casting: Foxfire (safe; 1% risk of failure)
Confirm with . or Enter, or press ? or * to list all spells.
Flames lash the hell rat.
You kill the hell rat!
Dithmenos accepts your kill.
You hear a horrible gurgling sound!
A white ugly thing comes into view.
The foxfire hits the white ugly thing.
The white ugly thing is lightly wounded.
Your foxfire dissipates!
Casting: Scorch (safe; 1% risk of failure)
Confirm with . or Enter, or press ? or * to list all spells.
Aiming: Fulminant Prism (dangerous; 1% risk of failure)
Press: ? - help, Dir - move target You conjure a prism of explosive energy!
A fulminant prism comes into view.
A killer bee comes into view.
Your fulminant prism crackles loudly.
Casting: Fulminant Prism (dangerous; 1% risk of failure)
Confirm with . or Enter, or press ? or * to list all spells.
Flames lash the white ugly thing.
The white ugly thing is moderately wounded.
The white ugly thing's fire resistance burns away.
Your fulminant prism explodes!
The blast of energy engulfs the white ugly thing!!
The white ugly thing is heavily wounded.
You hear a deafening roar!
You hear a shout! x3
Casting: Scorch (safe; 1% risk of failure)
Confirm with . or Enter, or press ? or * to list all spells.
Flames lash the white ugly thing.
The white ugly thing is burned terribly!
The white ugly thing is severely wounded.
The orc knight roars a battlecry!
The white ugly thing closely misses you.
The white ugly thing engulfs you! The white ugly thing freezes you!!!
You feel a terrible chill!
Ouch! That really hurt!
You die...

.............###
#...8.....8..#.#
#............#.#
#......8.....#.#
#..####.##...#.#
#..####.###..#.#
..........#.#
.........#.#
.#.##.#>#@.#.#
...o...yu..#.#
.#.##.#.##.#.#
... #.#.##.#.#
.#.##.#.##.#.#
.yo...†......#
.#..*......#.#
...........#.#
........##.#.#


You could see an orc knight, a white ugly thing (combustible) and a killer bee.

Vanquished Creatures
  Snorg (D:10)
  2 vault guards (Bailey)
  Maggie (D:9)
  A hornet (D:7)
  Prince Ribbit (D:8)
  A blink frog (Bailey)
  5 yaks (D:10)
  4 humans (Bailey)
  Grum (D:8)
  2 steam dragons
  3 water moccasins
  2 ice beasts
  3 black bears
  An ogre (D:7)
  3 wolves (D:8)
  3 kobold brigands
  13 bullfrogs
  A gnoll sergeant (D:9)
  A necrophage (D:6)
  3 scorpions
  8 wights
  12 killer bees
  2 howler monkeys (D:8)
  2 jellies (D:6)
  5 hounds
  An orc priest (D:9)
  4 iguanas
  A hell rat (D:10)
  2 orc wizards (D:9)
  Natasha (thrice) (D:3)
  5 adders
  7 gnolls
  2 shadow imps (D:5)
  2 worms
  3 dart slugs
  11 orcs
  8 endoplasms
  3 giant cockroaches
  12 goblins
  2 hobgoblins
  3 jackals (D:4)
  21 kobolds
  3 quokkas
  9 ball pythons
  3 bats (D:2)
  4 frilled lizards
  4 rats
  A butterfly (D:5)
  A fulminant prism (Bailey)
196 creatures vanquished.

Vanquished Creatures (others)
  A centaur (D:8)
  A bullfrog (D:8)
  881 foxfires
  16 fulminant prisms
  6 plants (D:5)
905 creatures vanquished.

Grand Total: 1101 creatures vanquished

Notes
Turn   | Place    | Note
-------+----------+-------------------------------------------
     0 | D:1      | unlimited1921 the Djinni Fire Elementalist began the quest
                  | for the Orb.
     0 | D:1      | unlimited1921 set off with the following spells memorised:
                  | Foxfire, Scorch, Conjure Flame, Inner Flame, Flame Wave.
     0 | D:1      | Reached XP level 1. HP: 15/15 MP: 0/0
   712 | D:1      | Reached XP level 2. HP: 16/21 MP: 0/0
  1655 | D:1      | Found a faded altar of an unknown god.
  1680 | D:1      | Noticed a golden eye
  1709 | D:1      | Noticed a great orb of eyes
  1709 | D:1      | Noticed a great orb of eyes
  1709 | D:1      | Noticed a golden eye
  2005 | D:2      | Reached skill level 3 in Spellcasting
  2005 | D:2      | Reached XP level 3. HP: 24/25 MP: 0/0
  2005 | D:2      | Learned a level 1 spell: Slow
  2591 | D:3      | Noticed Natasha
  2595 | D:3      | Killed Natasha
  2596 | D:3      | Reached XP level 4. HP: 30/31 MP: 0/0
  2696 | D:3      | Noticed Natasha
  2701 | D:3      | Killed Natasha
  2820 | D:3      | Noticed Natasha
  2822 | D:3      | Killed Natasha
  2823 | D:3      | Reached skill level 4 in Spellcasting
  2823 | D:3      | Reached XP level 5. HP: 24/35 MP: 0/0
  2823 | D:3      | Learned a level 2 spell: Ensorcelled Hibernation
  3757 | D:4      | Reached XP level 6. HP: 39/40 MP: 0/0
  3996 | D:4      | Identified the +9 long sword "Efahet" {vorpal, rElec rCorr
                  | MP+9 Stlth-}
  4111 | D:5      | Entered Level 5 of the Dungeon
  4145 | D:5      | Found a staircase to the Ecumenical Temple.
  4147 | D:5      | Found a transporter.
  4196 | D:5      | Reached skill level 5 in Spellcasting
  4229 | D:5      | Noticed a water moccasin
  4233 | D:5      | Killed a water moccasin
  4234 | D:5      | Reached XP level 7. HP: 45/45 MP: 0/0
  4234 | D:5      | Learned a level 3 spell: Ozocubu's Armour
  4262 | D:5      | Found a shadowy altar of Dithmenos.
  4310 | D:5      | Became a worshipper of Dithmenos the Shadowed
  4375 | D:5      | Identified the ring of Qorinec {Fire rPois Int+2 Dex-4}
  4376 | D:5      | Noticed Powssss's ghost (amateur MiFi)
  4391 | D:5      | Identified the +0 kite shield of Ihoobim {Will++ Slay+2
                  | Stlth-}
  4399 | D:5      | Noticed a water moccasin
  4405 | D:5      | Killed a water moccasin
  4406 | D:5      | Reached skill level 6 in Spellcasting
  4660 | D:5      | Found a broken altar of Ashenzari.
  4665 | D:5      | Saw a vision of the Swamp and the Snake Pit.
  4665 | D:5      | Noticed a black mamba
  4665 | D:5      | Noticed a naga
  4665 | D:5      | Noticed a naga
  4665 | D:5      | Noticed a guardian serpent
  4665 | D:5      | Noticed a six-headed hydra
  4667 | D:5      | Noticed a tyrant leech
  4667 | D:5      | Noticed a naga mage
  4670 | D:5      | Noticed a naga
  4777 | D:5      | Reached XP level 8. HP: 46/50 MP: 0/0
  4849 | D:5      | Found a transporter.
  4980 | D:6      | Reached skill level 7 in Spellcasting
  5856 | D:6      | Reached XP level 9. HP: 49/56 MP: 0/0
  5856 | D:6      | Learned a level 3 spell: Frozen Ramparts
  5953 | D:7      | Reached skill level 8 in Spellcasting
  6109 | D:7      | Reached * piety under Dithmenos
  6308 | D:7      | Noticed a hornet
  6315 | D:7      | Killed a hornet
  6316 | D:7      | Reached skill level 9 in Spellcasting
  6775 | D:8      | Reached XP level 10. HP: 46/61 MP: 0/0
  6847 | D:8      | Reached skill level 1 in Shields
  6850 | D:8      | Reached skill level 10 in Spellcasting
  6981 | D:8      | Noticed Grum
  6987 | D:8      | Killed Grum
  7191 | D:8      | Noticed Prince Ribbit
  7202 | D:8      | Killed Prince Ribbit
  7334 | D:8      | Gained mutation: Your body sometimes deteriorates upon
                  | taking damage. [potion of mutation]
  7335 | D:8      | Lost mutation: Your body sometimes deteriorates upon taking
                  | damage. [potion of mutation]
  7335 | D:8      | Gained mutation: Your mind is acute. (Int +4, Str/Dex -1)
                  | [potion of mutation]
  7335 | D:8      | Gained mutation: You are frail. (-10% HP) [potion of
                  | mutation]
  7335 | D:8      | Gained mutation: You possess an exceptional clarity of
                  | mind. [potion of mutation]
  7405 | D:9      | Noticed Maggie
  7413 | D:9      | Killed Maggie
  7796 | D:9      | Reached ** piety under Dithmenos
  8267 | D:9      | Reached skill level 11 in Spellcasting
  8423 | D:10     | Entered Level 10 of the Dungeon
  8488 | D:10     | Found a flagged portal.
  8499 | Bailey   | Entered a bailey
  8526 | Bailey   | Reached XP level 11. HP: 56/59 MP: 0/0
  8526 | Bailey   | Learned a level 4 spell: Fulminant Prism
  8746 | Bailey   | Noticed a vault guard
  8758 | Bailey   | Killed a vault guard
  8759 | Bailey   | Reached skill level 1 in Fighting
  8759 | Bailey   | Reached skill level 12 in Spellcasting
  8805 | Bailey   | Noticed a vault guard
  8817 | Bailey   | Killed a vault guard
  9012 | D:10     | Noticed Snorg
  9030 | D:10     | Killed Snorg
  9034 | D:10     | Noticed an orc knight
  9050 | D:10     | Noticed a white ugly thing
  9056 | D:10     | Annihilated by a white ugly thing

Illustrated notes

Levels and vault maps discovered:
D:1:      onia_arrival_mini_spirals, layout_basic,
          hellmonk_ecumenical_altar_watching_god
D:2:      layout_loops_ring
D:3:      layout_loops_corners, uniq_natasha
D:4:      layout_basic
D:5:      wander_river, layout_loops_cross, grunt_ashenzari_visionary
          [grunt_ashenzari_visionary_swamp, grunt_ashenzari_visionary_snake],
          nicolae_dithmenos_the_darkroom, minmay_temple_entry_butterflies,
          gammafunk_ghost_gnarly_gnolls
D:6:      layout_loops_ring, minivault_1
D:7:      layout_gridville
D:8:      layout_rooms, uniq_grum, uniq_prince_ribbit1
D:9:      layout_grid_maze, nicolae_elevator_lobby_asterisk, uniq_maggie
D:10:     minmay_cut_squares, layout_basic, dpeg_lair_monsters, enter_bailey_6,
          uniq_lodul, uniq_snorg

Skill      XL: |  1  2  3  4  5  6  7  8  9 10 11 |
---------------+----------------------------------+-----
Spellcasting   | 3 4 5 6 7 9 11 12 | 12.6
Stealth        | 2 3 |  3.7
Dodging        | 3 4 |  4.1
Shields        | 2 3 |  3.6
Fighting       | 1 |  1.1
Maces & Flails | |  0.3

Action                   |  1- 3 |  4- 6 |  7- 9 | 10-12 || total
-------------------------+-------+-------+-------+-------++-------
Melee: Mace              |       |    11 |     3 |     7 ||    21
 Cast: Foxfire           |   101 |   136 |   215 |   104 ||   556
       Scorch            |     3 |    12 |    27 |    29 ||    71
       Inner Flame       |       |       |     8 |    27 ||    35
       Ozocubu's Armour  |       |       |     2 |     3 ||     5
       Ensorcelled Hiber |       |       |     2 |     1 ||     3
       Conjure Flame     |       |       |     1 |       ||     1
       Frozen Ramparts   |       |       |     4 |     4 ||     8
       Flame Wave        |       |       |       |     6 ||     6
       Fulminant Prism   |       |       |       |    17 ||    17
  Use: Scroll            |       |     5 |     3 |     1 ||     9
       Potion            |       |       |       |     6 ||     6
Armor: Robe              |     1 |     3 |     1 |       ||     5
       Steam dragon scal |       |       |     5 |    15 ||    20
Dodge: Dodged            |     9 |    10 |    19 |    44 ||    82
Block: Buckler           |     2 |     2 |     5 |     4 ||    13
       Kite shield       |       |       |       |    22 ||    22
